 Dungeon Crawl Stone Soup version 0.29-a0-103-g37f86683bf (webtiles) character file.

Game seed: 12068846452979505747

1414 being54 the Magician (level 8, -5/67 HPs)
             Began as a Purple Draconian Venom Mage on Feb 15, 2022.
             Slain by an orc warrior (11 damage)
             ... on level 6 of the Dungeon.
             The game lasted 00:21:46 (5549 turns).

being54 the Magician (Purple Draconian Venom Mage)  Turns: 5549, Time: 00:21:46

Health: -5/67      AC:  6    Str: 10    XL:     8   Next: 43%
Magic:  1/17       EV: 13    Int: 17    God:
Gold:   250        SH:  5    Dex: 13    Spells: 16/19 levels left

rFire   x . .      SeeInvis .   a - +0 dagger (venom)
rCold   + . .      Faith    .   (no shield)
rNeg    . . .      Spirit   .   (armour unavailable)
rPois   .          Reflect  +   (helmet restricted)
rElec   .          Harm     .   (no cloak)
rCorr   .          Rampage  .   (no gloves)
Will    ++...                   (no boots)
Stlth   +++.......              i - amulet of reflection
HPRegen 0.21/turn               j - ring of ice
MPRegen 0.15/turn               k - ring of willpower

@: no status effects
A: breathe power, AC +6, unfitting armour, cold-blooded, antennae 2
a: Breathe Dispelling Energy


You were on level 6 of the Dungeon.
You visited 1 branch of the dungeon, and saw 6 of its levels.

You collected 250 gold pieces.

Inventory:

Hand Weapons
 a - a +0 dagger of venom (weapon)
 d - the +3 fustibalus "Jaemur" {vorpal, Stlth+}
   (You found it on level 2 of the Dungeon)

   Any ammunition fired from it inflicts extra damage upon your enemies.
   Stlth:     It makes you more stealthy.
Missiles
 e - 142 stones
Jewellery
 i - an amulet of reflection (around neck)
 j - a ring of ice (left hand)
 k - a ring of willpower (right hand)
Wands
 c - a wand of flame (53)
Scrolls
 h - 2 scrolls of enchant armour
 l - a scroll of magic mapping
Potions
 b - a potion of curing
 f - a potion of might
 m - a potion of degeneration
 n - a potion of invisibility


   Skills:
 + Level 4.3 Fighting
 + Level 4.2 Short Blades
 + Level 4.4 Dodging
 + Level 4.4 Stealth
 + Level 4.9 Unarmed Combat
 + Level 6.3 Spellcasting
 + Level 3.2 Transmutations
 + Level 6.0 Poison Magic
 + Level 3.6 Invocations
 + Level 3.6 Evocations


You had 16 spell levels left.
You knew the following spells:

 Your Spells              Type           Power      Damage    Failure   Level
a - Sting                 Tmut/Pois      84%        1d7       1%          1
b - Poisonous Vapours     Pois/Air       30%        N/A       5%          2

Your spell library contained the following spells:

 Spells                   Type           Power      Damage    Failure   Level
 Olgreb's Toxic Radiance  Pois           26%        N/A       10%         4
 Slow                     Hex            20%        N/A       12%         1
 Mephitic Cloud           Conj/Pois/Air  12%        N/A       16%         3
 Confusing Touch          Hex            5%         N/A       36%         3
 Gell's Gravitas          Tloc           5%         N/A       36%         3
 Teleport Other           Tloc           5%         N/A       36%         3
 Vampiric Draining        Necr           5%         2d6       36%         3
 Dispersal                Tloc           2%         N/A       100%        6


Dungeon Overview and Level Annotations

Branches:
Dungeon (6/15)
 Temple: D:4-7

Altars:
Uskayaw

Shops:
D:2 (


Innate Abilities, Weirdness & Mutations

You can breathe bolts of dispelling energy.
Your rich purple scales are hard. (AC +6)
You cannot fit into any form of body armour.
You are cold-blooded and may be slowed by cold attacks.
You have a pair of antennae on your head.


Message History

Press: ? - help, Shift-Dir - straight line, f/p - orc warrior
Aim: an orc warrior, wielding a +0 glaive and wearing a +0 chain mail (severely wounded, poisoned, 73% to hit)
The sting hits the white imp but does no damage.
The white imp looks even sicker.
The white imp is severely wounded.
The orc warrior hits you from afar with a +0 glaive!
* * * LOW HITPOINT WARNING * * *
The white imp hits you but does no damage.
You hit the white imp.
The white imp looks as sick as possible!
The white imp is severely wounded.
The orc warrior barely misses you. The white imp gestures at you.
The puff of frost hits you but does no damage.
You resist.
You hit the white imp.
You kill the white imp!
The orc warrior barely misses you.
Casting: Sting (safe; 1% risk of failure)
Confirm with . or Enter, or press ? or * to list all spells.
You don't have enough magic to cast this spell.
You block the orc warrior's attack.
Things that are here:
a +0 flail; a potion of curing; a gnoll corpse You barely miss the orc warrior.
The gnoll shouts!
Your tail-slap misses the orc warrior.
The orc warrior is almost dead.
You closely miss the orc warrior.
The orc warrior is almost dead.
The orc warrior hits you but does no damage.
You hit the orc warrior but do no damage.
The orc warrior looks even sicker.
The orc warrior is almost dead.
The orc warrior hits you with a +0 glaive.
* * * LOW HITPOINT WARNING * * *
You barely miss the orc warrior.
The orc warrior is almost dead.
The orc warrior hits you with a +0 glaive!
You die...

...####...[........##
.#..######.##.......###
<.#..# #............#
...#.## ##.#..........#
...#..###....#........#
...##.##..............#
...........###..####.## .
...##....#.# ##..##..###.#
...##.#>.)... ##@##.#......
......##..##...#o<.....###.
...)#.........###...##.#
.#.......########g..# .#
..#....###.?.##.....# ##
#.##..###.....{.###.# #.
..##.....oo## #... ##
.........)5# ...#.
....#........ ##. #


You could see an orc warrior (very poisoned) and a gnoll.

Vanquished Creatures
  A sky beast (D:5)
  2 ice beasts
  2 necrophages
  2 scorpions
  2 water moccasin zombies (D:5)
  2 water moccasin skeletons
  A bullfrog zombie (D:5)
  A jelly (D:4)
  2 centaur skeletons
  A hound (D:5)
  An orc priest (D:2)
  2 iguanas
  Natasha (thrice) (D:3)
  An orc wizard (D:6)
  A hound skeleton (D:5)
  2 gnolls (D:6)
  9 adders
  2 white imps
  An ufetubus (D:6)
  A worm (D:2)
  2 dart slugs
  4 orcs
  8 endoplasms
  2 giant cockroaches
  10 hobgoblins
  9 kobolds
  8 quokkas
  12 ball pythons
  2 bats
  5 frilled lizards
  8 goblins
  3 rats
112 creatures vanquished.

Notes
Turn   | Place    | Note
-------+----------+-------------------------------------------
     0 | D:1      | being54 the Draconian Venom Mage began the quest for the
                  | Orb.
     0 | D:1      | Reached XP level 1. HP: 14/14 MP: 3/3
   124 | D:1      | Found a faded altar of an unknown god.
   279 | D:1      | Reached XP level 2. HP: 17/20 MP: 0/5
   484 | D:1      | Learned a level 2 spell: Poisonous Vapours
  1168 | D:2      | Reached XP level 3. HP: 26/26 MP: 6/6
  1508 | D:2      | Found Vosaf's Antique Weapon Shoppe.
  1538 | D:2      | Identified the +3 fustibalus "Jaemur" {vorpal, Stlth+}
  1570 | D:2      | Reached XP level 4. HP: 25/33 MP: 2/8
  1945 | D:2      | Found a hide-covered altar of Uskayaw.
  2074 | D:2      | Reached skill level 5 in Poison Magic
  2074 | D:2      | Reached XP level 5. HP: 43/46 MP: 8/11
  2080 | D:2      | Gained mutation: You have a pair of small antennae on your
                  | head. [potion of mutation]
  2080 | D:2      | Gained mutation: You have a pair of antennae on your head.
                  | [potion of mutation]
  2084 | D:2      | HP: 2/46 [orc (1)]
  2532 | D:3      | Noticed Natasha
  2544 | D:3      | Killed Natasha
  2841 | D:3      | Noticed Natasha
  2849 | D:3      | Killed Natasha
  2850 | D:3      | Reached XP level 6. HP: 43/52 MP: 6/12
  3036 | D:3      | Noticed Natasha
  3044 | D:3      | Killed Natasha
  3588 | D:4      | Noticed an ice beast
  3610 | D:4      | Killed an ice beast
  3611 | D:4      | Your scales start taking on a rich purple colour.
  3611 | D:4      | Reached skill level 5 in Spellcasting
  3611 | D:4      | Reached XP level 7. HP: 50/58 MP: 5/15
  4187 | D:5      | Entered Level 5 of the Dungeon
  4860 | D:5      | Reached XP level 8. HP: 60/66 MP: 17/17
  5549 | D:6      | Slain by an orc warrior

Illustrated notes

Levels and vault maps discovered:
D:1:      eino_arrival_tree_alley, layout_loops_ring,
          shapermc_ecumenical_altar_acropolis
D:2:      cheibrodos_greedy_goblins, layout_loops_ring, serial_shops,
          nicolae_shop_hallway_plus, basic_altar
D:3:      layout_rooms, minmay_curled_crystal, uniq_natasha
D:4:      layout_rooms
D:5:      layout_rooms, kennysheep_boxes
D:6:      layout_rooms

Skill      XL: |  1  2  3  4  5  6  7  8 |
---------------+-------------------------+-----
Stealth        | 2 4 |  4.4
Fighting       | 3 4 |  4.3
Short Blades   | 3 4 |  4.2
Dodging        | 3 4 |  4.4
Unarmed Combat | 4 |  4.9
Spellcasting   | 4 5 6 |  6.3
Poison Magic   | 5 6 |  6.0
Invocations    | 3 |  3.6
Evocations     | 3 |  3.6
Transmutations | 2 3 |  3.2

Action                   |  1- 3 |  4- 6 |  7- 9 || total
-------------------------+-------+-------+-------++-------
Melee: Unarmed           |    35 |       |       ||    35
       Tailslap          |    10 |    10 |    29 ||    49
       Dagger            |    45 |    68 |   173 ||   286
       Punch             |     1 |     1 |    11 ||    13
 Fire: Fustibalus        |       |     8 |       ||     8
 Cast: Sting             |    58 |    74 |    63 ||   195
  Use: Scroll            |     2 |     2 |     5 ||     9
       Potion            |       |     2 |       ||     2
 Stab: Sleeping          |     5 |     1 |     3 ||     9
Armor: Skin              |    30 |    39 |    53 ||   122
Dodge: Dodged            |    66 |    80 |   125 ||   271
Block: Other             |       |       |     2 ||     2

Table legend: (Time is in decaauts)
 A = Elapsed time spent in this place.
 B = Non-inter-level travel time spent in this place.
 C = Inter-level travel time spent in this place.
 D = Time resting spent in this place.
 E = Time spent auto-exploring this place.
 F = Levels seen in this place.
 G = Mean time per level.
                   A        B        C        D        E       F      G
               +--------+--------+--------+--------+--------+-----+--------+
         Total |   5522 |   5306 |    216 |    651 |   3623 |   6 |  920.3 |
       Dungeon |   5522 |   5306 |    216 |    651 |   3623 |   6 |  920.3 |
               +--------+--------+--------+--------+--------+-----+--------+

Top non-repeatable levels by time:
     D:2: 1224 daAuts
     D:1: 1162 daAuts
     D:5: 1060 daAuts
     D:4: 1047 daAuts
     D:3: 755 daAuts
     D:6: 273 daAuts
